 Dungeon Crawl Stone Soup version 0.17-a0-2122-g03d97ec (webtiles) character file.

276 tp1 the Magician (level 6, -5/32 HPs)
             Began as a Deep Elf Conjurer on Oct 21, 2015.
             Killed from afar by a goblin (22 damage)
             ... with an exploding inner flame
             ... hexed by the player character
             ... on level 4 of the Dungeon.
             The game lasted 00:16:21 (4740 turns).

tp1 the Magician (Deep Elf Conjurer)                Turns: 4740, Time: 00:16:21

Health: -5/32      AC:  4    Str:  5    XL:     6   Next: 4%
Magic:  13/16      EV: 13    Int: 22    God:
Gold:   109        SH:  4    Dex: 15    Spells: 4 memorised, 4 levels left

rFire  . . .     SeeInvis .     i - +0 short sword
rCold  . . .     Clarity  .     a - +0 robe
rNeg   . . .     SustAt   .     p - +0 buckler
rPois  .         Gourm    .     h - +2 hat
rElec  .         Spirit   .     (no cloak)
rCorr  .         Warding  .     (no gloves)
rMut   .         Stasis   .     (no boots)
MR     .....                    m - amulet of faith
Stlth  ++........               (no ring)
                                (no ring)

@: not resistant to hostile enchantments, unstealthy
A: no striking features
a: no special abilities


You were on level 4 of the Dungeon.
You were very hungry.

You visited 1 branch of the dungeon, and saw 4 of its levels.

You collected 109 gold pieces.

Inventory:

Hand Weapons
 i - a +0 short sword (weapon)
 u - a cursed -2 short sword
Armour
 a - a +0 robe (worn)
 h - a +2 hat (worn)
 p - a +0 buckler (worn)
Jewellery
 m - an amulet of faith (around neck)
Scrolls
 g - 3 scrolls of random uselessness
 o - 2 scrolls of teleportation {unknown}
 q - a scroll of recharging {unknown}
 r - a scroll of fog {unknown}
 t - a scroll of remove curse {unknown}
 y - a scroll of enchant weapon {unknown}
Potions
 d - 4 potions of curing {unknown}
 j - a potion of brilliance {unknown}
 k - a potion of cancellation {unknown}
 s - a potion of agility {unknown}
 v - a potion of heal wounds {unknown}
 w - a potion of degeneration {unknown}
 x - 2 potions of lignification {unknown}
Books
 b - a book of Conjurations

   Spells                             Type                      Level
   a - Magic Dart                     Conjuration                  1
   b - Searing Ray                    Conjuration                  2
   c - Dazzling Spray                 Conjuration/Hexes            3
   d - Fulminant Prism                Conjuration/Hexes            4
   e - Iskenderun's Mystic Blast      Conjuration                  4
   f - Iskenderun's Battlesphere      Conjuration/Charms           5
Comestibles
 c - 3 bread rations
 f - 2 meat rations
 n - 2 beef jerkies


   Skills:
 - Level 1.0 Armour
 - Level 3.0 Dodging
 - Level 2.4 Stealth
 - Level 2.1 Shields
 - Level 5.4 Spellcasting
 - Level 4.3 Conjurations
 + Level 4.4 Charms


You had 4 spell levels left.
You knew the following spells:

 Your Spells              Type           Power        Failure   Level  Hunger
a - Magic Dart            Conj           ####         1%          1    None
b - Searing Ray           Conj           ####..       3%          2    None
c - Dazzling Spray        Conj/Hex       ###.....     17%         3    ##.....
d - Iskenderun's Battles  Conj/Chrm      ####....     65%         5    #####..


Dungeon Overview and Level Annotations

Branches:
Dungeon (4/15)
 Temple: D:4-7

Altars:
Fedhas
Gozag
Okawaru
Qazlal
Xom
Zin
The Shining One


Message History

The goblin shouts!
Read which item? (? for menu, Esc to quit)
As you read the scroll labeled COMPAO MOOCYS, it crumbles to dust.
It is a scroll of identify.
Identify which item? (\ to view known items) (? for menu, Esc to quit)
g - 3 scrolls of random uselessness Read which item? (? for menu, Esc to quit)
As you read the scroll labeled IFUYTO MITT, it crumbles to dust.
The creatures around you are filled with an inner flame!
It was a scroll of immolation.
Casting: Magic Dart
Confirm with . or Enter, or press ? or * to list all spells.
Aiming: Magic Dart
Press: ? - help, Shift-Dir - straight line, f/p - goblin
Aim: a goblin (moderately wounded, inner flame)
The magic dart hits the goblin.
The goblin explodes!
The fiery explosion engulfs you!
Ouch! That really hurt!
You die...

#8.....8#
###..#.#..
#.()....# >..
#.##. #8.....8#
# ####.###
#....g.g#
##...!#
#8...g.8#
#..####
.......g# #.##
(.......#####.#
#######g%.....#
#...@§§g#######
.....#######
... . . #


You could see 2 goblins.

Vanquished Creatures
  A giant frog (D:4)
  An orc wizard (D:3)
  The ghost of fredomojojo the Stinger, a weakling FoVM (D:3)
  6 adders
  2 oozes (D:1)
  3 orcs (D:3)
  A ball python (D:2)
  8 goblins
  5 hobgoblins
  22 jackals
  6 kobolds
  A quokka (D:3)
  8 bats
  7 giant cockroaches
  4 giant geckos
  2 giant newts
  9 rats
87 creatures vanquished.

Vanquished Creatures (others)
  A hobgoblin (D:2)
1 creature vanquished.

Grand Total: 88 creatures vanquished

Notes
Turn   | Place    | Note
--------------------------------------------------------------
     0 | D:1      | tp1 the Deep Elf Conjurer began the quest for the Orb.
     0 | D:1      | Reached XP level 1. HP: 10/10 MP: 6/6
   311 | D:1      | Reached XP level 2. HP: 3/15 MP: 0/8
   868 | D:1      | Reached XP level 3. HP: 19/19 MP: 1/10
  1989 | D:2      | Reached skill level 5 in Spellcasting
  2193 | D:2      | Found an iron altar of Okawaru.
  2239 | D:2      | Found a stormy altar of Qazlal.
  2308 | D:2      | Reached XP level 4. HP: 24/24 MP: 8/13
  2315 | D:2      | Found a shimmering altar of Xom.
  2322 | D:2      | Reached skill level 1 in Shields
  2417 | D:2      | Found a glowing silver altar of Zin.
  2684 | D:2      | Found a glowing golden altar of the Shining One.
  2880 | D:2      | Found a glowing golden altar of the Shining One.
  2959 | D:2      | Found an iron altar of Okawaru.
  3019 | D:2      | Found a stormy altar of Qazlal.
  3101 | D:2      | Found a shimmering altar of Xom.
  3157 | D:2      | Found a glowing silver altar of Zin.
  3400 | D:3      | Noticed fredomojojo's ghost (weakling FoVM)
  3448 | D:3      | Found a blossoming altar of Fedhas.
  3723 | D:3      | Reached XP level 5. HP: 28/28 MP: 10/14
  3731 | D:3      | Found an opulent altar of Gozag.
  3781 | D:3      | Killed fredomojojo's ghost
  3781 | D:3      | Reached skill level 1 in Armour
  4028 | D:3      | Learned a level 2 spell: Searing Ray
  4032 | D:3      | Learned a level 3 spell: Dazzling Spray
  4038 | D:3      | Learned a level 5 spell: Iskenderun's Battlesphere
  4205 | D:3      | Found a blossoming altar of Fedhas.
  4217 | D:3      | Reached skill level 1 in Charms
  4444 | D:3      | Found an opulent altar of Gozag.
  4583 | D:4      | Reached XP level 6. HP: 19/32 MP: 0/16
  4740 | D:4      | Killed from afar by a goblin

Vault maps used:
D:1:      lightli_arrival_quake, minivault_19
D:2:      tso_oasis_becter, xom_teletrap_fun, overflow_temple_1_default,
          lemuel_round_altar, grunt_qazlal_clouds
D:3:      lemuel_doored_altar, fedhas_altar_1
D:4:      kennysheep_the_goblin_king, first_bread

Action                   |  1- 3 |  4- 6 || total
-------------------------+-------+-------++-------
Melee: Unarmed           |    17 |       ||    17
       Short sword       |    14 |     2 ||    16
 Cast: Magic Dart        |    82 |    99 ||   181
       Searing Ray       |       |     5 ||     5
       Dazzling Spray    |       |     3 ||     3
  Use: Scroll            |       |     2 ||     2
  Eat: Chunk             |     4 |     6 ||    10
